 Dungeon Crawl Stone Soup version 0.21.1-1-g345015fe64 (webtiles) character file.

364 Mrkan the Skirmisher (level 6, -7/40 HPs)
             Began as a Gargoyle Fighter on May 6, 2018.
             Mangled by Mrkan's ghost (9 damage)
             ... on level 3 of the Dungeon.
             The game lasted 00:08:06 (3425 turns).

Mrkan the Skirmisher (Gargoyle Fighter)             Turns: 3425, Time: 00:08:06

Health: -7/40      AC: 11    Str: 22    XL:     6   Next: 67%
Magic:  6/6        EV:  7    Int:  8    God:
Gold:   86         SH:  9    Dex:  9    Spells: 5/5 levels left

rFire    . . .     SeeInvis .   a - +0 flail
rCold    . . .     Gourm    .   c - +0 shield
rNeg     + . .     Faith    .   b - +0 scale mail
rPois    ∞         Spirit   .   (no helmet)
rElec    +         Reflect  .   (no cloak)
rCorr    .         Harm     .   (no gloves)
MR       .....                  (no boots)
Stlth    ..........             (no amulet)
HPRegen  0.13/turn              (no ring)
MPRegen  0.10/turn              (no ring)

@: no status effects
A: negative energy resistance 1, electricity resistance, unbreathing,
petrification resistance, rot immunity, AC +4
a: no special abilities


You were on level 3 of the Dungeon.
You were not hungry.

You visited 1 branch of the dungeon, and saw 3 of its levels.

You collected 86 gold pieces.

Inventory:

Hand Weapons
 a - a +0 flail (weapon)
Armour
 b - a +0 scale mail (worn)
 c - a +0 shield (worn)
Jewellery
 g - an uncursed ring of poison resistance {unknown}
 m - an uncursed ring of fire {unknown}
 p - an uncursed ring of fire {unknown}
Scrolls
 d - a scroll of teleportation {unknown}
 e - 4 scrolls of identify {unknown}
 i - a scroll of noise {unknown}
 j - a scroll of amnesia {unknown}
 l - 2 scrolls of enchant weapon {unknown}
 n - a scroll of remove curse {unknown}
Potions
 h - a potion of flight
 k - 2 potions of curing {unknown}
 q - a potion of magic {unknown}
Comestibles
 f - 3 rations
 o - 2 chunks of flesh


   Skills:
 + Level 5.3 Fighting
 + Level 4.2 Maces & Flails
 + Level 5.2 Armour
 - Level 3.2 Shields


You had 5 spell levels left.
You didn't know any spells.

Dungeon Overview and Level Annotations

Branches:
Dungeon (3/15)

Altars:
Xom

Annotations:
D:3 Mrkan's ghost, amateur DsFi


Innate Abilities, Weirdness & Mutations

You are resistant to torment.
Your stone body is resilient. (AC +4)
You are immune to poison.
You resist negative energy. (rN+)
You are resistant to electric shocks. (rElec)
You can survive without breathing.
You are immune to petrification.
You are immune to rotting.


Message History

You hit the orc but do no damage. The orc hits you but does no damage.
You closely miss the orc. The orc hits you but does no damage. x2
You thump the orc!
You kill the orc!
You hit the goblin.
The goblin is severely wounded.
The goblin hits you with a scorched long sword {distort}.
Space warps horribly around you!
Ouch! That really hurt!
* * * LOW HITPOINT WARNING * * *
You closely miss the goblin.
The goblin is severely wounded.
The goblin hits you but does no damage. Space bends around you.
* * * LOW HITPOINT WARNING * * *
The goblin hits you with a scorched long sword {distort}.
* * * LOW HITPOINT WARNING * * *
Your surroundings suddenly seem different.
Mrkan's ghost turns its malevolent gaze towards you.
Mrkan's ghost hits you!
You die...

#...........#
#...#########
#...........# #...#
######......# #...#
#......# ##.## ##......#
#g########## #.......#
#...........
#.......#######........
####...#W........#........
#........@.....#o.........
#..............###########
#.........g....#
####...........#
#...........# #
####........# . #........#
. ########## . .


You could see Mrkan's ghost and a goblin.

Vanquished Creatures
  2 orc wizards (D:3)
  Natasha (thrice) (D:2)
  Terence (D:2)
  4 adders
  An ooze (D:2)
  A worm (D:3)
  2 dart slugs
  2 leopard geckos
  5 orcs (D:3)
  15 bats
  A giant cockroach (D:3)
  8 goblins
  9 hobgoblins
  5 jackals
  7 kobolds
  2 quokkas (D:2)
  A ball python (D:2)
  3 frilled lizards
  8 rats
80 creatures vanquished.

Vanquished Creatures (others)
  Sigmund (D:2)
1 creature vanquished.

Grand Total: 81 creatures vanquished

Notes
Turn   | Place    | Note
-------+----------+-------------------------------------------
     0 | D:1      | Mrkan the Gargoyle Fighter began the quest for the Orb.
     0 | D:1      | Reached XP level 1. HP: 14/14 MP: 1/1
   217 | D:1      | Reached XP level 2. HP: 19/19 MP: 2/2
   708 | D:1      | Found a shimmering altar of Xom.
   714 | D:1      | Reached XP level 3. HP: 24/24 MP: 3/3
   718 | D:1      | Found a glowing silver altar of Zin.
   718 | D:1      | Found a hazy altar of Hepliaklqana.
   723 | D:1      | Found a hide-covered altar of Uskayaw.
   723 | D:1      | Found a hazy altar of Hepliaklqana.
   723 | D:1      | Found a glowing golden altar of the Shining One.
  1124 | D:2      | Noticed Natasha
  1132 | D:2      | Killed Natasha
  1132 | D:2      | Reached XP level 4. HP: 21/29 MP: 4/4
  1152 | D:2      | Found a faded altar of an unknown god.
  1373 | D:2      | Noticed Natasha
  1395 | D:2      | Killed Natasha
  1708 | D:2      | Noticed Natasha
  1716 | D:2      | Killed Natasha
  1716 | D:2      | Reached XP level 5. HP: 34/34 MP: 5/5
  1840 | D:2      | Noticed Terence
  1850 | D:2      | Killed Terence
  2012 | D:2      | Noticed Sigmund
  2048 | D:2      | Killed Sigmund
  2048 | D:2      | Reached skill level 5 in Fighting
  2048 | D:2      | Reached XP level 6. HP: 10/40 MP: 6/6
  2392 | D:3      | Reached skill level 5 in Armour
  2725 | D:3      | Noticed Mrkan's ghost (amateur DsFi)
  3424 | D:3      | HP: 2/40 [goblin/scorched long sword {distort} (2)]
  3425 | D:3      | Mangled by Mrkan's ghost

Skill      XL: |  1  2  3  4  5  6 |
---------------+-------------------+-----
Fighting       | 4 5 |  5.3
Armour         | 4 5 |  5.2
Maces & Flails | 3 4 |  4.2
Shields        | |  3.2

Action                   |  1- 3 |  4- 6 || total
-------------------------+-------+-------++-------
Melee: Flail             |   122 |   251 ||   373
  Use: Potion            |       |     2 ||     2
  Eat: Chunk             |     1 |     4 ||     5
       Ration            |       |     1 ||     1
Armor: Scale mail        |   122 |   151 ||   273
Dodge: Dodged            |    69 |    92 ||   161
Block: Shield            |   117 |   140 ||   257
